 Dungeon Crawl Stone Soup version 0.31-a0-542-gdc2a67831c (webtiles) character file.

Game seed: 6708328348247469921

284 AdnanSaban the Cudgeller (level 6, -2/39 HPs)
             Began as a Gargoyle Fighter on Aug 14, 2023.
             Was an Initiate of Okawaru.
             Slain by a killer bee (4 damage)
             ... on level 3 of the Dungeon.
             The game lasted 00:03:11 (2829 turns).

AdnanSaban the Cudgeller (Gargoyle Fighter)         Turns: 2829, Time: 00:03:12

Health: -2/39      AC: 12    Str: 22    XL:     6   Next: 29%
Magic:  6/6        EV:  9    Int:  8    God:    Okawaru [......]
Gold:   189        SH:  4    Dex:  9    Spells: 5/5 levels left

rFire   . . .        w - +3 flail (holy)
rCold   . . .        c - +0 buckler
rNeg    + . .        b - +0 scale mail
rPois   ∞            (no helmet)
rElec   +            r - +0 cloak
rCorr   .            (no gloves)
SInv    .            (no boots)
Will    .....        (no amulet) Stlth
                     (no ring)
HPRegen 0.26/turn    (no ring)
MPRegen 0.10/turn

%: no passive effects
@: no status effects
A: sickness immunity, AC +4, negative energy resistance 1, electricity
resistance, torment resistance 1, petrification resistance
a: Renounce Religion


You were on level 3 of the Dungeon.
You worshipped Okawaru.
Okawaru was noncommittal.
You visited 1 branch of the dungeon, and saw 4 of its levels.

You collected 189 gold pieces.

Inventory:

Hand Weapons
 w - a +3 flail of holy wrath (weapon)
Missiles
 x - 2 poisoned darts
Armour
 b - a +0 scale mail (worn)
 c - a +0 buckler (worn)
 r - a +0 cloak (worn)
Wands
 n - a wand of polymorph (10)
 o - a wand of flame (21)
Scrolls
 f - 2 scrolls of teleportation {unknown}
 g - a scroll of butterflies {unknown}
 j - 2 scrolls of amnesia {unknown}
 k - a scroll of noise {unknown}
 l - a scroll of revelation {unknown}
 p - a scroll of blinking {unknown}
 q - a scroll of identify {unknown}
 u - a scroll of enchant weapon {unknown}
 v - a scroll of enchant armour {unknown}
Potions
 a - a potion of invisibility {unknown}
 d - 3 potions of might
 e - a potion of brilliance {unknown}
 h - a potion of enlightenment {unknown}
 i - a potion of ambrosia {unknown}
 m - 3 potions of curing {unknown}
 s - a potion of haste {unknown}
 t - a potion of degeneration {unknown}


   Skills:
 + Level 4.4 Fighting
 + Level 4.5 Maces & Flails
 + Level 4.0 Armour
 + Level 1.3 Dodging
 + Level 4.0 Shields


You had 5 spell levels left.
You didn't know any spells.
Your spell library contained the following spells:

 Spells                   Type           Power      Damage    Failure   Level
 Blink                    Tloc           0%         N/A       90%         2
 Lesser Beckoning         Tloc           0%         N/A       90%         2
 Momentum Strike          Conj/Tloc      0%         3d8       90%         2


Dungeon Overview and Level Annotations

Branches:
Dungeon (4/15)
 Temple: D:4-7

Altars:
Cheibriados
Okawaru


Innate Abilities, Weirdness & Mutations

You are immune to sickness and miasma.
Your stone body is resilient. (AC +4)
You are immune to poison.
You resist negative energy. (rN+)
You are resistant to electric shocks. (rElec)
You are resistant to unholy torment.
You are immune to petrification.


Message History

The killer bee is almost dead.
The killer bee stings you but does no damage.
The killer bee barely misses you. The killer bee stings you.
* * * LOW HITPOINT WARNING * * *
The killer bee barely misses you.
Unknown command.
You miss the killer bee.
The killer bee is almost dead.
The killer bee barely misses you.
The killer bee stings you but does no damage. x2
The killer bee stings you.
* * * LOW HITPOINT WARNING * * *
The killer bee stings you!
* * * LOW HITPOINT WARNING * * *
The killer bee stings you but does no damage.
Unknown command.
You thump the killer bee!
You kill the killer bee!
Okawaru accepts your kill.
The killer bee stings you but does no damage.
You block the killer bee's attack.
Your Armour skill increases to level 4!
Your Shields skill increases to level 4!
You closely miss the killer bee. You block the killer bee's attack.
The killer bee stings you but does no damage.
You closely miss the killer bee. The killer bee closely misses you. x2
The killer bee barely misses you.
You hit the killer bee.
The killer bee is lightly wounded.
The killer bee stings you but does no damage.
The killer bee barely misses you.
You hit the killer bee.
The killer bee is moderately wounded.
The killer bee stings you.
* * * LOW HITPOINT WARNING * * *
The killer bee stings you but does no damage. x2
You hit the killer bee.
The killer bee is moderately wounded.
The killer bee barely misses you. The killer bee stings you.
You die...

##...## #.#
#######.###.# #)#
....†...# #.# #.#
#######.###.# #.#
##...## #.# #####
#.# #.#
#############†#
####...........y@#
.....#############
######


You could see a killer bee.

Vanquished Creatures
  A killer bee (D:3)
  Natasha (thrice) (D:2)
  2 adders (D:2)
  4 gnolls
  2 worms (D:2)
  3 dart slugs
  6 orcs (D:3)
  10 endoplasms
  3 giant cockroaches
  9 goblins
  10 hobgoblins
  4 jackals (D:2)
  5 kobolds
  5 quokkas
  4 ball pythons
  2 bats
  4 frilled lizards
  7 rats
84 creatures vanquished.

Notes
Turn   | Place    | Note
-------+----------+-------------------------------------------
     0 | D:1      | AdnanSaban the Gargoyle Fighter began the quest for the
                  | Orb.
     0 | D:1      | Reached XP level 1. HP: 14/14 MP: 1/1
     1 | D:1      | Noticed an electric eel
   196 | D:1      | Reached XP level 2. HP: 19/19 MP: 2/2
   436 | D:1      | Reached XP level 3. HP: 17/24 MP: 3/3
   847 | D:2      | Reached skill level 1 in Dodging
   865 | D:2      | Reached XP level 4. HP: 27/29 MP: 4/4
  1202 | D:2      | Found an iron altar of Okawaru.
  1202 | D:2      | Noticed Natasha
  1218 | D:2      | Killed Natasha
  1224 | D:2      | Became a worshipper of Warmaster Okawaru
  1358 | D:2      | Noticed Natasha
  1364 | D:2      | Killed Natasha
  1365 | D:2      | Reached XP level 5. HP: 25/33 MP: 5/5
  1384 | D:2      | Noticed Natasha
  1391 | D:2      | Killed Natasha
  2257 | D:3      | Found a snail-covered altar of Cheibriados.
  2345 | D:3      | Reached XP level 6. HP: 39/39 MP: 6/6
  2823 | D:3      | HP: 1/39 [killer bee (8)]
  2829 | D:3      | Slain by a killer bee

Illustrated notes

Levels and vault maps discovered:
D:1:      arrival_aquarium_a, layout_loops_cross, corexii_corridor_pit
D:2:      layout_loops_cross, basic_altar, uniq_natasha
D:3:      layout_loops_ring, cheibriados_altar_1, nicolae_grassy_gnolls
D:4:      layout_basic, marbit_many_paths, temple_statues,
          gup_ossuary_entry_pyramid, minivault_27

Skill      XL: |  1  2  3  4  5  6 |
---------------+-------------------+-----
Dodging        | 1 |  1.3
Maces & Flails | 3 4 |  4.5
Fighting       | 4 |  4.4
Armour         | 4 |  4.0
Shields        | 4 |  4.0

Action                     |  1- 3 |  4- 6 || total
---------------------------+-------+-------++-------
  Melee: Flail             |   111 |   218 ||   329
 Armour: Scale mail        |    75 |   157 ||   232
         Skin              |       |     4 ||     4
  Dodge: Dodged            |    72 |   126 ||   198
  Block: Buckler           |    24 |    71 ||    95

Table legend: (Time is in decaauts)
 A = Elapsed time spent in this place.
 B = Non-inter-level travel time spent in this place.
 C = Inter-level travel time spent in this place.
 D = Time resting spent in this place.
 E = Time spent auto-exploring this place.
 F = Levels seen in this place.
 G = Mean time per level.
                   A        B        C        D        E       F      G
               +--------+--------+--------+--------+--------+-----+--------+
         Total |   2937 |   2753 |    184 |    128 |   1862 |   4 |  734.2 |
       Dungeon |   2937 |   2753 |    184 |    128 |   1862 |   4 |  734.2 |
               +--------+--------+--------+--------+--------+-----+--------+

Top non-repeatable levels by time:
     D:2: 1100 daAuts
     D:3: 983 daAuts
     D:1: 807 daAuts
     D:4: 45 daAuts
